 Dungeon Crawl Stone Soup version 0.32-a0-886-g41c5271027 (webtiles) character file.

Game seed: 15464651147083779181

669 porpoise the Shooter (level 7, -12/82 HPs)
             Began as a Human Hunter on Apr 3, 2024.
             Mangled by Pikel
             ... wielding a +0 whip of electrocution
              (13 damage)
             ... on level 4 of the Dungeon.
             The game lasted 00:11:34 (3696 turns).

porpoise the Shooter (Human Hunter)                 Turns: 3696, Time: 00:11:35

Health: -12/82     AC: 23    Str: 17    XL:     7   Next: 58%
Magic:  7/7        EV:  2    Int: 10    God:
Gold:   35         SH:  0    Dex: 18    Spells: 6/6 levels left

rFire   . . .        a - +0 shortbow
rCold   . . .        (shield currently unavailable)
rNeg    . . .        k - melded +1 ring mail of Foolhardiness {rPois Will+ Str+6 Int-3}
rPois   +            (helmet currently unavailable)
rElec   .            p - melded +0 cloak
rCorr   .            (gloves currently unavailable)
SInv    .            (boots currently unavailable)
Will    .....        (no amulet)
Stlth   ++           d - +6 ring of strength
HPRegen 0.33/turn    (no ring)
MPRegen 0.10/turn

%: no passive effects
@: tree-form (expiring)
A: stationary, stasis, torment immunity, boosted hp, explore regen
a: no special abilities


You were on level 4 of the Dungeon.
You were a tree.
You visited 1 branch of the dungeon, and saw 4 of its levels.

You collected 128 gold pieces.
You spent 93 gold pieces at shops.

Inventory:

Hand Weapons
 a - a +0 shortbow (weapon)
 b - a +2 rapier of speed
 u - a +2 heavy mace
Missiles
 t - 2 boomerangs
Armour
 k - the +1 ring mail of Foolhardiness (melded) {rPois Will+ Str+6 Int-3}
   (You found it on level 2 of the Dungeon)

   Str+6:     It affects your strength (+6).
   Int-3:     It affects your intelligence (-3).
   rPois:     It protects you from poison.
   Will+:     It increases your willpower.
 p - a +0 cloak (melded)
 x - a +1 leather armour of positive energy
Jewellery
 d - a +6 ring of strength (left branch)
 i - a +6 ring of intelligence
Wands
 z - a wand of polymorph (8)
Scrolls
 f - a scroll of teleportation {unknown}
 g - a scroll of acquirement {unknown}
 h - a scroll of vulnerability {unknown}
 j - a scroll of enchant weapon {unknown}
 r - a scroll of enchant armour {unknown}
 y - a scroll of butterflies
Potions
 c - a potion of berserk rage {unknown}
 e - a potion of magic
 m - a potion of brilliance
 n - a potion of lignification
 o - a potion of attraction
 q - a potion of enlightenment {unknown}
 s - a potion of curing
 v - a potion of mutation {unknown}
 w - a potion of resistance {unknown}


   Skills:
 + Level 4.4 Fighting
 * Level 7.0 Ranged Weapons
 + Level 3.1 Armour
 - Level 2.0 Dodging
 - Level 2.2 Stealth


You had 6 spell levels left.
You didn't know any spells.
Your spell library was empty.

Dungeon Overview and Level Annotations

Branches:
Dungeon (4/15)
 Temple: D:4-7

Altars:
Elyvilon
Kikubaaqudgha
Okawaru
Qazlal
Ru
Vehumet
Wu Jian
Zin

Shops:
D:2 *

Annotations:
D:4 1 runed translucent door, Grinder, Pikel


Innate Abilities, Weirdness & Mutations

You are a tree.
Your roots penetrate the ground, keeping you stationary.
You cannot be teleported.
You are immune to unholy pain and torment.
Your maximum health is greatly increased.
Your equipment is partially melded.
You regain HP and MP as you explore.


Message History

The lemure barely misses you.
You shoot an arrow. The arrow completely misses Pikel.
Your transformation is almost over.
The lemure hits you.
The lemure hits you but does no damage. x2
Pikel barely misses you.
You shoot an arrow. The arrow closely misses Pikel.
The lemure hits you but does no damage. The lemure hits you.
Pikel checks his coin pouch and frowns.
Pikel hits you but does no damage.
The lemure hits you but does no damage. x2
You shoot an arrow.
The arrow hits Pikel but does no damage.
Pikel is lightly wounded.
The lemure hits you. x2
* * * LOW HITPOINT WARNING * * *
Pikel completely misses you. The lemure hits you.
* * * LOW HITPOINT WARNING * * *
The lemure hits you.
* * * LOW HITPOINT WARNING * * *
You shoot an arrow. The arrow hits Pikel!
Pikel is moderately wounded.
The lemure hits you but does no damage. The lemure hits you.
* * * LOW HITPOINT WARNING * * *
Pikel hits you with a +0 whip of electrocution.
* * * LOW HITPOINT WARNING * * *
The lemure hits you but does no damage. x4; Pikel hits you but does no damage.
The lemure barely misses you. The lemure hits you but does no damage.
You shoot an arrow. The arrow closely misses Pikel.
The lemure hits you but does no damage. x2
Pikel says, "Hell isn't that bad."
Pikel hits you but does no damage. The lemure hits you but does no damage.
The lemure hits you.
* * * LOW HITPOINT WARNING * * *
Unknown command.
You shoot an arrow. The arrow hits Pikel.
Pikel is moderately wounded.
The lemure hits you but does no damage. x3; The lemure hits you!
* * * LOW HITPOINT WARNING * * *
Pikel hits you but does no damage.
You are electrocuted!
You die...
Pikel says, "See you in Hell!"

##.## . # ##..# #
#####.†## #
#......############ #.
.####††>..........####
#..
###..................###
#..
##......................
..#
#.............555......
...#
#...............♣5..#
##5.
#..............%.K..#
#..
...................##
......(............#
..................##
........)..>....##
..............##
............##


You could see Pikel and 4 lemures.

Vanquished Creatures
  Eustachio (D:3)
  A black bear (D:4)
  Blork the orc (D:4)
  A scorpion (D:4)
  An orc priest (D:3)
  Natasha (thrice) (D:4)
  An iguana (D:4)
  An orc wizard (D:3)
  6 adders
  4 gnolls (D:2)
  A dart slug (D:2)
  A ribbon worm (D:2)
  5 orcs
  2 ball pythons
  2 endoplasms
  3 giant cockroaches
  5 goblins
  A hobgoblin (D:2)
  12 jackals
  3 kobolds
  A quokka (D:3)
  4 bats
  15 frilled lizards
  6 rats
81 creatures vanquished.

Notes
Turn   | Place    | Note
-------+----------+-------------------------------------------
     0 | D:1      | porpoise the Human Hunter began the quest for the Orb.
     0 | D:1      | Reached XP level 1. HP: 16/16 MP: 1/1
   145 | D:1      | Reached XP level 2. HP: 16/22 MP: 2/2
   527 | D:1      | Reached XP level 3. HP: 28/28 MP: 3/3
  1057 | D:2      | Found Celawkuu's Assorted Antiques.
  1115 | D:2      | Reached XP level 4. HP: 26/34 MP: 4/4
  1185 | D:2      | Identified the +1 ring mail of Foolhardiness {rPois Will+
                  | Str+6 Int-3}
  1200 | D:2      | Bought a fuming orange potion for 18 gold pieces
  1200 | D:2      | Bought an orange potion for 18 gold pieces
  1200 | D:2      | Bought a black potion for 18 gold pieces
  1200 | D:2      | Bought a yellow potion for 18 gold pieces
  1378 | D:2      | Reached skill level 5 in Ranged Weapons
  1953 | D:3      | Reached XP level 5. HP: 30/41 MP: 5/5
  1963 | D:3      | Reached skill level 1 in Armour
  2717 | D:4      | Noticed a lemure
  2717 | D:4      | Noticed Grinder
  2718 | D:4      | Noticed Eustachio
  2758 | D:4      | Found a runed translucent door.
  2769 | D:4      | Reached XP level 6. HP: 39/47 MP: 6/6
  2795 | D:2      | Bought a scroll labelled PADI HERUACYLL for 21 gold pieces
  2836 | D:4      | Found an ancient bone altar of Kikubaaqudgha.
  2837 | D:4      | Found a glowing silver altar of Zin.
  2840 | D:4      | Noticed Natasha
  2849 | D:4      | Killed Natasha
  2850 | D:4      | Reached skill level 6 in Ranged Weapons
  3052 | D:4      | Found a stormy altar of Qazlal.
  3052 | D:4      | Found an iron altar of Okawaru.
  3052 | D:4      | Found a white marble altar of Elyvilon.
  3053 | D:4      | Found an ornate altar of the Wu Jian Council.
  3054 | D:4      | Found a radiant altar of Vehumet.
  3057 | D:4      | Found a sacrificial altar of Ru.
  3251 | D:3      | Killed Eustachio
  3342 | D:4      | Reached XP level 7. HP: 42/54 MP: 7/7
  3504 | D:4      | Noticed Natasha
  3576 | D:4      | Killed Natasha
  3630 | D:4      | Noticed Natasha
  3638 | D:4      | Killed Natasha
  3671 | D:4      | Noticed Blork the orc
  3675 | D:4      | Noticed Pikel
  3688 | D:4      | Killed Blork the orc
  3689 | D:4      | Reached skill level 7 in Ranged Weapons
  3696 | D:4      | HP: 1/82 [lemure[Pikel] (7)]
  3696 | D:4      | Mangled by Pikel

Illustrated notes

Levels and vault maps discovered:
D:1:      sevenhm_arrival_forest_fort_small_4, layout_basic, serial_forest,
          infiniplex_forest_lined_3, infiniplex_forest_3_way,
          infiniplex_forest_clump_large, infiniplex_forest_straight_4,
          infiniplex_forest_corner_1, infiniplex_forest_straight_3,
          infiniplex_forest_join, infiniplex_forest_end_double,
          dk_noncrumbling_2, minmay_lizard_king
D:2:      layout_basic, serial_shops, shop
D:3:      layout_loops_ring
D:4:      layout_cave_pods, minitemple, ebering_ghost_sewer_f,
          uniq_blork_the_orc, uniq_eustachio, uniq_pikel, uniq_grinder,
          uniq_menkaure, uniq_natasha

Skill      XL: |  1  2  3  4  5  6  7 |
---------------+----------------------+-----
Stealth        | 2 |  2.2
Ranged Weapons | 5 6 7 |  7.0
Fighting       | 3 4 |  4.4
Armour         | 1 2 3 |  3.1
Dodging        | |  2.0

Action                     |  1- 3 |  4- 6 |  7- 9 || total
---------------------------+-------+-------+-------++-------
   Fire: Shortbow          |    87 |   206 |    50 ||   343
    Use: Potion            |       |     2 |     2 ||     4
         Scroll            |       |     4 |       ||     4
 Armour: Leather armour    |    22 |     2 |       ||    24
         Ring mail         |       |    71 |    17 ||    88
         Skin              |       |    10 |    54 ||    64
  Dodge: Dodged            |    34 |    48 |    17 ||    99

Table legend: (Time is in decaauts)
 A = Elapsed time spent in this place.
 B = Non-inter-level travel time spent in this place.
 C = Inter-level travel time spent in this place.
 D = Time resting spent in this place.
 E = Time spent auto-exploring this place.
 F = Levels seen in this place.
 G = Mean time per level.
                   A        B        C        D        E       F      G
               +--------+--------+--------+--------+--------+-----+--------+
         Total |   3768 |   3650 |    118 |    899 |   2099 |   4 |  942.0 |
       Dungeon |   3768 |   3650 |    118 |    899 |   2099 |   4 |  942.0 |
               +--------+--------+--------+--------+--------+-----+--------+

Top non-repeatable levels by time:
     D:1: 1081 daAuts
     D:3: 1069 daAuts
     D:2: 855 daAuts
     D:4: 761 daAuts
